 Dungeon Crawl Stone Soup version 0.30.0-20-g3b4254fcbd (webtiles) character file.

Game seed: 8834773498310829374

21095 Graphine the Fighter (level 12, -13/104 (108) HPs)
             Began as a Pale Draconian Ice Elementalist on June 2, 2023.
             Was an Elder of Vehumet.
             Mangled by a +1 glaive of chaos (27 damage)
             ... on level 1 of the Snake Pit.
             The game lasted 00:53:19 (12159 turns).

Graphine the Fighter (DrIE)                        Turns: 12159, Time: 00:53:20

HP:   -13/104 (108) AC: 14    Str: 11    XL:     12   Next: 51%
MP:   21/25         EV: 17    Int: 21    God:    Vehumet [****..]
Gold: 652           SH:  0    Dex: 11    Spells: 7/29 levels left

rFire   x . .        y - staff of cold
rCold   + + .        (no shield)
rNeg    . . .        (body armour unavailable)
rPois   +            (helmet restricted)
rElec   .            t - +2 cloak {Will+}
rCorr   .            (no gloves)
SInv    .            g - +2 pair of boots
Will    +....        E - amulet of magic regeneration
Stlth   +            B - ring of ice
HPRegen 0.37/turn    K - ring of poison resistance
MPRegen 0.59/turn

%: no passive effects
@: confused, agile, freezing walls, lightly drained
A: breathe steam, AC +8, unfitting armour, cold-blooded, steam resistance
a: Breathe Steam, Renounce Religion


You were on level 1 of the Snake Pit.
You worshipped Vehumet.
Vehumet was greatly pleased with you.
You visited 4 branches of the dungeon, and saw 13 of its levels.

You collected 652 gold pieces.

Inventory:

Hand Weapons
 d - a +0 short sword
 i - a +2 falchion of venom
 u - a +3 quarterstaff of chaos
Armour
 g - a +2 pair of boots (worn)
 t - a +2 cloak of willpower (worn)
 C - a +0 kite shield
Magical Staves
 k - a staff of air
 y - a staff of cold (weapon)
Jewellery
 o - a ring of resist corrosion
 w - a +6 ring of intelligence
 x - a ring of see invisible
 B - a ring of ice (left hand)
 E - an amulet of magic regeneration (around neck)
 F - a +6 ring of intelligence
 G - the ring "Yfu Diept" {Fire rN++}
   (You found it on level 9 of the Dungeon)

   [ring of fire]

   It enhances your fire magic.
   rF:        It protects you from fire.
   rC:        It makes you vulnerable to cold.
   rN:        It greatly protects you from negative energy.
 H - an amulet of faith
 K - a ring of poison resistance (right hand)
Wands
 r - a wand of flame (21)
 v - a wand of roots (13)
Scrolls
 b - 7 scrolls of amnesia
 p - a scroll of brand weapon
 z - 3 scrolls of teleportation
 D - a scroll of blinking
 J - a scroll of fog
 M - a scroll of fear
Potions
 a - a potion of magic
 c - a potion of ambrosia
 e - 3 potions of brilliance
 f - 2 potions of degeneration {unknown}
 h - a potion of heal wounds
 j - a potion of lignification
 l - 4 potions of might
 m - 4 potions of resistance
 n - 3 potions of flight {unknown}
 q - 2 potions of attraction {unknown}
 s - 2 potions of invisibility {unknown}
 A - 5 potions of curing {unknown}
 I - 2 potions of haste {unknown}
 L - a potion of cancellation {unknown}


   Skills:
 + Level 10.7 Fighting
 - Level 6.0 Staves
 - Level 2.0 Dodging
 - Level 2.0 Stealth
 + Level 9.0 Spellcasting
 * Level 7.3 Summonings
 - Level 9.0 Ice Magic
 - Level 7.0 Air Magic
 + Level 8.8 Evocations


You had 7 spell levels left.
You knew the following spells:

 Your Spells              Type           Power      Damage    Failure   Level
a - Freeze                Ice            100%       1d10      1%          1
b - Frozen Ramparts       Ice            100%       1d16      1%          3
c - Ozocubu's Armour      Ice            82%        N/A       1%          3
d - Summon Ice Beast      Ice/Summ       78%        N/A       2%          4
e - Shock                 Conj/Air       96%        1d9       1%          1
f - Airstrike             Air            19%        2d(3-19)  1%          4
g - Summon Cactus Giant   Summ           20%        N/A       50%         6

Your spell library contained the following spells:

 Spells                   Type           Power      Damage    Failure   Level
 Sandblast                Erth           18%        2d7       1%          1
 Summon Small Mammal      Summ           100%       N/A       1%          1
 Call Canine Familiar     Summ           40%        N/A       1%          3
 Momentum Strike          Conj/Tloc      18%        3d8       3%          2
 Scorch                   Fire           18%        2d5       3%          2
 Summon Guardian Golem    Hex/Summ       24%        N/A       4%          3
 Dazzling Flash           Conj/Hex       18%        N/A       6%          3
 Blink                    Tloc           18%        N/A       11%         2
 Lesser Beckoning         Tloc           18%        N/A       11%         2
 Sublimation of Blood     Necr           9%         N/A       11%         2
 Wereblood                Tmut           9%         N/A       11%         2
 Flame Wave               Conj/Fire      9%         2d6       17%         4
 Silence                  Hex/Air        12%        N/A       43%         5
 Agony                    Necr           9%         N/A       89%         5
 Summon Hydra             Summ           20%        N/A       97%         7


Dungeon Overview and Level Annotations

Branches:
Dungeon (9/15)             Temple (1/1) D:4            Lair (2/5) D:9
  Swamp (0/4) Lair:2        Snake (1/4) Lair:2
    Orc: D:9-12

Altars:
Ashenzari
Dithmenos
Elyvilon
Fedhas
Gozag
Hepliaklqana
Nemelex Xobeh
Okawaru
Qazlal
Sif Muna
Trog
Uskayaw
Vehumet
Wu Jian
Xom
Yredelemnul
Zin

Shops:
D:7 (

Annotations:
Snake:1 Mesuenwa's ghost, adept DEHW


Innate Abilities, Weirdness & Mutations

You can breathe blasts of scalding, opaque steam.
Your pale cyan-grey scales are hard. (AC +8)
You cannot fit into any form of body armour.
You are cold-blooded and may be slowed by cold attacks.
You are immune to the effects of steam.


Message History

The walls around you are covered in ice.
The wall freezes the +1 glaive of chaos but does no damage.
The +1 glaive of chaos hits you!! The +1 glaive of chaos freezes you.
Your ice beast misses the +1 glaive of chaos.
The +1 glaive of chaos resists.
The wall freezes the +1 glaive of chaos.
The +1 glaive of chaos hits you.
Your cactus giant hits the +1 glaive of chaos with a +0 giant spiked club!!
The wall freezes Mesuenwa's ghost but does no damage.
Your ice beast closely misses the +1 glaive of chaos.
The +1 glaive of chaos resists.
The wall freezes the +1 glaive of chaos.
The +1 glaive of chaos hits you. The +1 glaive of chaos freezes you.
Your ice beast completely misses the +1 glaive of chaos.
The wall freezes the +1 glaive of chaos but does no damage.
The +1 glaive of chaos hits you!!
* * * LOW HITPOINT WARNING * * *
You feel agile all of a sudden.
The wall freezes Mesuenwa's ghost.
Mesuenwa's ghost shouts, "I have seen your future, and it is all used up."
Your ice beast barely misses the +1 glaive of chaos.
You feel much better.
The +1 glaive of chaos resists.
The wall freezes the +1 glaive of chaos.
The +1 glaive of chaos hits you!!
You feel drained.
Your cactus giant misses the +1 glaive of chaos.
The wall freezes the +1 glaive of chaos but does no damage.
The +1 glaive of chaos hits you!!
* * * LOW HITPOINT WARNING * * *
You are confused.
Your ice beast misses the +1 glaive of chaos.
Okay, then.
You are too confused!
Unknown command.
You're too confused to cast spells.
Are you sure you want to stumble around while confused and next to your ice beast?
Okay, then.
The +1 glaive of chaos completely resists.
The wall freezes the +1 glaive of chaos but does no damage.
The +1 glaive of chaos hits you!!
You die...

..##............#..)
.##................
.# #.............#
.###.............#
..##............#
..#............#
....#.........####
...##.........#..###
.....#########..@#?#
..... #..Y(W.#
###... ##.C#!##
.##.. ...### #. ...
.#### ... .. .. ...


You could see a +1 glaive of chaos (ally target), Mesuenwa's ghost, a friendly
cactus giant (summoned) and a friendly ice beast (summoned).

Vanquished Creatures
  Harold (D:9)
  2 anacondas (Snake:1)
  2 two-headed ogres (D:9)
  A skyshark (Lair:2)
  A naga ritualist (Snake:1)
  Pikel (D:4)
  2 mana vipers (Snake:1)
  An elephant (Lair:2)
  3 cane toads
  3 komodo dragons
  A rime drake (Lair:1)
  2 hornets
  A polar bear (Lair:1)
  Prince Ribbit (D:6)
  Grinder (D:5)
  2 blink frogs (Lair:1)
  Sigmund (D:5)
  An unseen horror simulacrum (D:9)
  2 wyverns
  3 yaks (Lair:1)
  A steam dragon (D:7)
  4 nagas
  2 swamp worms (Lair:2)
  2 water moccasins
  3 ice beasts
  2 orc warriors (D:9)
  A black bear (D:4)
  5 ogres
  2 centaurs (D:7)
  4 lemures (D:4)
  2 phantoms (D:6)
  5 bullfrogs
  3 scorpions
  A wight (D:8)
  28 killer bees
  2 howler monkeys
  An electric eel (Lair:1)
  3 jellies
  4 orc priests
  2 hounds
  3 iguanas
  Crazy Yiuf (D:3)
  9 orc wizards
  Natasha (thrice) (D:3)
  7 hell rats (Lair:1)
  A killer bee simulacrum (D:9)
  Robin (D:3)
  7 gnolls (D:4)
  6 adders
  2 shadow imps
  A white imp (D:9)
  5 worms
  6 dart slugs
  36 orcs
  4 ball pythons
  6 bats
  8 endoplasms
  3 giant cockroaches
  14 goblins
  12 hobgoblins
  4 jackals (D:2)
  12 kobolds
  3 quokkas
  4 frilled lizards
  4 rats
271 creatures vanquished.

Vanquished Creatures (collateral kills)
  Erica (Lair:2)
  The ghost of engelados the Destroyer, a novice SpCj of Vehumet (D:9)
  3 elephants (Lair:2)
  2 black mambas
  A polar bear (Lair:2)
  A hornet (D:8)
  2 blink frogs (Lair:1)
  A yak (Lair:1)
  3 wyverns
  Eustachio (D:6)
  A basilisk (Lair:1)
  A nameless horror (D:7)
  2 water moccasins (Lair:1)
  An orc warrior (D:9)
  A black bear (D:7)
  An ice beast (D:9)
  3 bullfrogs
  3 wights (D:8)
  8 killer bees
  2 jellies
  An orc priest (D:5)
  3 hounds
  A sleepcap (D:6)
  An iguana (D:5)
  An orc wizard (D:8)
  2 white imps (D:9)
  An ufetubus (D:7)
  12 orcs
61 creatures vanquished.

Grand Total: 332 creatures vanquished

Notes
Turn   | Place    | Note
-------+----------+-------------------------------------------
     0 | D:1      | Graphine the Draconian Ice Elementalist began the quest for
                  | the Orb.
     0 | D:1      | Reached XP level 1. HP: 14/14 MP: 3/3
   200 | D:1      | Reached XP level 2. HP: 20/20 MP: 5/5
   343 | D:1      | Found a faded altar of an unknown god.
   354 | D:1      | Got Plato's Textbook on Erosion
  1216 | D:2      | Reached XP level 3. HP: 23/27 MP: 0/6
  1220 | D:2      | Learned a level 3 spell: Frozen Ramparts
  1389 | D:2      | Reached skill level 1 in Fighting
  1452 | D:2      | You fall into a shaft and drop 2 floors!
  1462 | D:4      | Reached XP level 4. HP: 32/35 MP: 3/7
  1478 | D:4      | Reached skill level 5 in Ice Magic
  1487 | D:4      | Reached skill level 2 in Fighting
  1487 | D:4      | Reached XP level 5. HP: 26/41 MP: 3/9
  1603 | D:4      | Found a hazy altar of Hepliaklqana.
  1651 | D:4      | Noticed a black bear
  1658 | D:4      | Killed a black bear
  1659 | D:4      | Reached XP level 6. HP: 46/50 MP: 6/10
  1663 | D:4      | Learned a level 3 spell: Ozocubu's Armour
  1668 | D:4      | Learned a level 4 spell: Summon Ice Beast
  1740 | D:4      | Reached skill level 3 in Fighting
  1995 | D:3      | Noticed Natasha
  2012 | D:3      | Killed Natasha
  2032 | D:3      | Noticed Natasha
  2042 | D:3      | Killed Natasha
  2122 | D:3      | Noticed Robin
  2135 | D:3      | Killed Robin
  2298 | D:3      | Noticed Natasha
  2324 | D:3      | Killed Natasha
  2582 | D:3      | Your scales start taking on a pale cyan-grey colour.
  2582 | D:3      | Reached XP level 7. HP: 58/58 MP: 8/12
  2582 | D:3      | Gained mutation: You are immune to the effects of steam.
                  | [Pale Draconian growth]
  2743 | D:3      | Found a runed translucent door.
  2744 | D:3      | Noticed Crazy Yiuf
  2836 | D:3      | Killed Crazy Yiuf
  3275 | D:4      | Noticed Pikel
  3298 | D:4      | Killed Pikel
  3299 | D:4      | Reached skill level 5 in Fighting
  3299 | D:4      | Reached XP level 8. HP: 61/70 MP: 0/15
  3403 | D:4      | Found a blossoming altar of Fedhas.
  3644 | D:4      | Found an ornate altar of the Wu Jian Council.
  3644 | D:4      | Found a hide-covered altar of Uskayaw.
  3645 | D:4      | Found a glowing silver altar of Zin.
  3755 | D:4      | Found a staircase to the Ecumenical Temple.
  3785 | Temple   | Entered the Ecumenical Temple
  3808 | Temple   | Became a worshipper of Vehumet
  4236 | D:5      | Entered Level 5 of the Dungeon
  4247 | D:5      | Noticed Sigmund
  4254 | D:5      | Killed Sigmund
  4255 | D:5      | Reached skill level 6 in Fighting
  4255 | D:5      | Reached skill level 1 in Air Magic
  4255 | D:5      | Reached skill level 1 in Evocations
  4256 | D:5      | Found an opulent altar of Gozag.
  4263 | D:5      | Reached skill level 5 in Spellcasting
  4268 | D:5      | Reached skill level 1 in Staves
  4280 | D:5      | Noticed Grinder
  4426 | D:5      | Killed Grinder
  4999 | D:5      | Found a sparkling altar of Nemelex Xobeh.
  5148 | D:6      | Reached XP level 9. HP: 78/78 MP: 12/17
  5302 | D:6      | Reached * piety under Vehumet
  5302 | D:6      | Offered knowledge of Foxfire by Vehumet.
  5390 | D:6      | Noticed Eustachio
  5402 | D:6      | Killed Eustachio
  5667 | D:6      | Noticed Prince Ribbit
  5680 | D:6      | Killed Prince Ribbit
  6043 | D:7      | Found a shadowy altar of Dithmenos.
  6047 | D:7      | Reached skill level 5 in Air Magic
  6297 | D:7      | Found Sing's Antique Weapon Shoppe.
  6437 | D:7      | Reached skill level 7 in Fighting
  6772 | D:7      | Reached ** piety under Vehumet
  6772 | D:7      | Offered knowledge of Shock by Vehumet.
  6827 | D:7      | Found an iron altar of Okawaru.
  6997 | D:8      | Found a shimmering blue altar of Sif Muna.
  7081 | D:8      | Found a basalt altar of Yredelemnul.
  7096 | D:8      | Reached XP level 10. HP: 86/86 MP: 15/19
  7101 | D:8      | Found a broken altar of Ashenzari.
  7204 | D:8      | Found a stormy altar of Qazlal.
  7326 | D:8      | Paralysed by a hornet for 3 turns
  8063 | D:9      | Found a white marble altar of Elyvilon.
  8074 | D:9      | Reached skill level 5 in Evocations
  8142 | D:9      | Learned a level 1 spell: Shock
  8186 | D:9      | Reached skill level 8 in Fighting
  8223 | D:9      | Offered knowledge of Searing Ray by Vehumet.
  8226 | D:9      | Noticed Harold
  8245 | D:9      | Killed Harold
  8246 | D:9      | Reached skill level 5 in Staves
  8346 | D:9      | Found a staircase to the Lair.
  8492 | D:9      | Found a runed translucent gate.
  8492 | D:9      | Found a runed translucent gate.
  8492 | D:9      | Found a runed translucent gate.
  8608 | D:9      | Noticed a two-headed ogre
  8630 | D:9      | Killed a two-headed ogre
  8771 | D:9      | Noticed engelados's ghost (novice SpCj)
  8779 | D:9      | Killed engelados's ghost
  8789 | D:9      | Reached *** piety under Vehumet
  8827 | D:9      | Reached XP level 11. HP: 81/95 MP: 18/21
  8836 | D:9      | Got the ring "Yfu Diept" {Fire rN++}
  9116 | D:9      | Noticed a two-headed ogre
  9131 | D:9      | Killed a two-headed ogre
  9189 | Lair:1   | Entered Level 1 of the Lair of Beasts
  9234 | Lair:1   | Reached skill level 9 in Fighting
  9378 | Lair:1   | Offered knowledge of Mephitic Cloud by Vehumet.
  9413 | Lair:1   | Reached skill level 1 in Summonings
 10387 | Lair:2   | Reached **** piety under Vehumet
 10450 | Lair:2   | Offered knowledge of Airstrike by Vehumet.
 10458 | Lair:2   | Learned a level 4 spell: Airstrike
 10628 | Lair:2   | Reached skill level 5 in Summonings
 10671 | Lair:2   | Found a staircase to the Snake Pit.
 10903 | Lair:2   | Reached skill level 10 in Fighting
 10925 | Lair:2   | Reached XP level 12. HP: 93/106 MP: 24/24
 10999 | Lair:2   | Learned a level 6 spell: Summon Cactus Giant
 11076 | Lair:2   | Found a staircase to the Swamp.
 11103 | Lair:2   | Noticed Erica
 11109 | Lair:2   | Killed Erica
 11872 | Snake:1  | Entered Level 1 of the Snake Pit
 11872 | Snake:1  | Noticed an anaconda
 11878 | Snake:1  | Killed an anaconda
 12053 | Snake:1  | Noticed an anaconda
 12063 | Snake:1  | Killed an anaconda
 12141 | Snake:1  | Found a runed translucent door.
 12146 | Snake:1  | Found a shimmering altar of Xom.
 12146 | Snake:1  | Noticed Mesuenwa's ghost (adept DEHW)
 12159 | Snake:1  | Mangled by a +1 glaive of chaos

Illustrated notes

Levels and vault maps discovered:
D:1:      lemuel_arrival_room, layout_basic,
          shapermc_ecumenical_altar_rom_forum, nrook_campfire,
          minmay_misc_feat_five, minmay_parallelograms, serial_bayou_crossing
D:2:      layout_basic, kennysheep_generic_room_10
D:3:      layout_rooms, serial_glass, glass_columns_c, glass_columns_a,
          st_stairs_3, chequers_serial_rivers_large_a, kennysheep_doodads,
          minmay_circle_x, uniq_robin, uniq_natasha, uniq_crazy_yiuf_cottage
D:4:      layout_loops_ring, fedhas_altar_3, gammafunk_temple_overflow_claw,
          mainiacjoe_overflow_24_doors, minmay_temple_entry_mist,
          gup_sewer_entry_spiral, uniq_pikel
D:5:      layout_basic, mainiacjoe_overflow_tiny_flanked,
          nemelex_dance_club_becter, kennysheep_small_square, uniq_sigmund,
          uniq_grinder
D:6:      layout_basic, minivault_19, uniq_eustachio, uniq_prince_ribbit1
D:7:      layout_basic, okawaru_metal_pillars_3,
          grunt_dithmenos_smoke_and_mirrors, serial_shops, kennysheep_little_box
D:8:      layout_cave_pods, led_sif_book, nicolae_qazlal_style_of_elements,
          mainiacjoe_overflow_large_starburst, minmay_misc_feat_x
D:9:      layout_roguey, lemuel_doored_altar, david_lair_shrubbed,
          gammafunk_ghost_icy, uniq_harold
Temple:   nicolae_temple_superstar
Lair:1:   layout_chaotic_city, serial_bayou_shore_a, lemuel_fruit_fields
Lair:2:   wad_woods_minihive, layout_gridlike, minmay_swamp_entry_worms,
          guppyfry_snake_entry_garden, uniq_erica
Snake:1:  onia_ninara_swampy_vault, layout_chambers, ebering_ghost_xom

Skill      XL: |  1  2  3  4  5  6  7  8  9 10 11 12 |
---------------+-------------------------------------+-----
Dodging        | 2 |  2.0
Stealth        | 2 |  2.0
Fighting       | 1 2 3 5 6 7 8 10 | 10.7
Ice Magic      | 5 6 7 9 |  9.0
Spellcasting   | 3 4 5 6 7 8 9 |  9.0
Air Magic      | 3 5 6 7 |  7.0
Evocations     | 2 4 6 7 8 |  8.8
Staves         | 2 3 5 6 |  6.0
Summonings     | 5 7 |  7.3

Action                     |  1- 3 |  4- 6 |  7- 9 | 10-12 || total
---------------------------+-------+-------+-------+-------++-------
  Melee: Short sword       |    19 |       |       |       ||    19
         Tailslap          |     3 |     3 |    28 |    17 ||    51
         Falchion          |    10 |    41 |     4 |       ||    55
         Staff             |       |       |   166 |    82 ||   248
         Punch             |       |       |     2 |     1 ||     3
   Cast: Freeze            |    25 |     1 |    68 |     1 ||    95
         Frozen Ramparts   |     2 |    14 |    36 |    48 ||   100
         Ozocubu's Armour  |       |     1 |     6 |    22 ||    29
         Summon Ice Beast  |       |       |    15 |    46 ||    61
         Shock             |       |       |       |    73 ||    73
         Airstrike         |       |       |       |    24 ||    24
         Summon Cactus Gia |       |       |       |     1 ||     1
Ability: Breathe Steam     |       |       |     3 |    11 ||    14
  Evoke: Wand              |       |       |     5 |       ||     5
    Use: Scroll            |     5 |       |    14 |       ||    19
         Potion            |       |       |       |     3 ||     3
   Stab: Sleeping          |     8 |     2 |     3 |       ||    13
 Armour: Skin              |    17 |    24 |   117 |   133 ||   291
  Dodge: Dodged            |    26 |    38 |   151 |   194 ||   409
